AoeStats
← coro

Arena

504644659Analyzed
1v1 RM · 27d ago on Sep 6, 2026· 65m 27s· 2 players
Game mode
Random Map
Map size
Tiny (2 player)
Population
200
Speed
Normal
Resources
Standard
Victory
Conquest
Starting age
Dark Age
Ending age
Imperial Age
RankedLock teamsTeams togetherTeam positionsShared explorationLock speedFull tech treeHidden civsTurbo modeCheats
Victory
Defeat
🇨🇿 Turks · Czechia
539
+13
🇲🇽 Franks · Mexico
467
-13
mikulas.ferjencik
11:25 Feudal Age
17:45 Castle Age
17:46 Wheelbarrow
16:57 Horse Collar
17:06 Double-Bit Axe
17:31 Gold Mining
28:36 Loom
31:29 Imperial Age
29:26 Squires
29:43 Bloodlines
31:11 Scale Barding Armor
32:03 Ballistics
31:39 Murder Holes
31:26 Treadmill Crane
31:57 Masonry
34:27 Conscription
37:16 Husbandry
36:37 Heavy Camel Rider
38:24 Heavy Plow
38:44 Hand Cart
39:53 Fortified Wall
44:52 Chain Barding Armor
44:44 Forging
44:35 Padded Archer Armor
44:26 Fletching
44:44 Elite Janissary
46:03 Town Watch
46:31 Artillery
53:42 Hoardings
59:45 Leather Archer Armor
coro
7:11 Loom
13:03 Feudal Age
13:36 Double-Bit Axe
23:23 Castle Age
21:22 Stone Mining
26:01 Bow Saw
26:00 Gold Mining
27:32 Gold Shaft Mining
29:57 Wheelbarrow
34:25 Pikeman
37:39 Imperial Age
35:25 Hand Cart
37:24 Scale Mail Armor
37:30 Scale Barding Armor
38:26 Chivalry
39:28 Chain Barding Armor
39:27 Chain Mail Armor
39:23 Forging
39:04 Fletching
39:52 Husbandry
39:18 Cavalier
39:42 Halberdier
40:27 Town Watch
41:20 Plate Mail Armor
42:00 Squires
42:17 Heavy Scorpion
42:49 Paladin
44:52 Plate Barding Armor
44:58 Iron Casting
44:18 Bodkin Arrow
44:34 Light Cavalry
45:03 Capped Ram
45:47 Gambesons
45:51 Arson
Connection lost

Rejoining the realm…

Still unreachable

The connection could not be restored.

Session expired

The server has moved on; the page needs a fresh start.